 Dungeon Crawl Stone Soup version 0.29-a0-824-gd827844252 (webtiles) character file.

Game seed: 15693107028220551603

36 jlumianski the Trooper (level 3, -2/29 HPs)
             Began as a Demonspawn Fighter on July 9, 2022.
             Slain by Sigmund
             ... wielding a +0 scythe
              (7 damage)
             ... on level 1 of the Dungeon.
             The game lasted 00:03:35 (955 turns).

jlumianski the Trooper (Demonspawn Fighter)          Turns: 955, Time: 00:03:35

Health: -2/29      AC:  9    Str: 18    XL:     3   Next: 19%
Magic:  3/3        EV:  9    Int:  9    God:
Gold:   38         SH:  0    Dex: 12    Spells: 2/2 levels left

rFire   . . .      SeeInvis .   a - +0 war axe
rCold   . . .      Faith    .   c - +0 buckler
rNeg    . . .      Spirit   .   b - +0 scale mail
rPois   .          Reflect  .   (no helmet)
rElec   .          Harm     .   (no cloak)
rCorr   .          Rampage  .   e - +0 pair of gloves
Will    .....                   (no boots)
Stlth   ..........              (no amulet)
HPRegen 0.09/turn               (no ring)
MPRegen 0.08/turn               (no ring)

@: confused, mighty
A: thin metallic scales 1
a: no special abilities


You were on level 1 of the Dungeon.
You visited 1 branch of the dungeon, and saw 2 of its levels.

You collected 38 gold pieces.

Inventory:

Hand Weapons
 a - a +0 war axe (weapon)
 k - a +2 dagger of flaming
 l - a +0 whip
Missiles
 h - 10 stones (quivered)
Armour
 b - a +0 scale mail (worn)
 c - a +0 buckler (worn)
 e - a +0 pair of gloves (worn)
Scrolls
 f - 3 scrolls of teleportation {unknown}
 g - a scroll of enchant weapon {unknown}
 i - a scroll of blinking {unknown}
 j - 3 scrolls of identify {unknown}
Potions
 m - a potion of flight {unknown}
 n - a potion of berserk rage {unknown}
 o - 2 potions of heal wounds {unknown}


   Skills:
 + Level 3.3 Fighting
 + Level 2.3 Axes
 + Level 2.9 Armour
 + Level 0.5 Dodging
 + Level 3.0 Shields


You had 2 spell levels left.
You didn't know any spells.
Your spell library was empty.

Dungeon Overview and Level Annotations

Branches:
Dungeon (2/15)

Altars:

Annotations:
D:1 Sigmund


Innate Abilities, Weirdness & Mutations

You are partially covered in thin metallic scales. (AC +2)


Message History

You kill the goblin!
Sigmund completely misses you. Sigmund gestures at you while chanting.
The magic dart hits you.
You slash Sigmund!
Sigmund is moderately wounded.
Sigmund hits you but does no damage.
You slash Sigmund!
Sigmund is almost dead.
Sigmund gestures at you while chanting.
The magic dart hits you but does no damage.
Sigmund hits you but does no damage.
You closely miss Sigmund.
Sigmund is almost dead.
Sigmund hits you with a +0 scythe!
You closely miss Sigmund.
Sigmund is almost dead.
Sigmund completely misses you. Sigmund barely misses you.
You closely miss Sigmund.
Sigmund is almost dead.
Sigmund barely misses you.
You closely miss Sigmund.
Sigmund is almost dead.
Sigmund hits you with a +0 scythe. Sigmund gestures at you while chanting.
The puff of flame hits you but does no damage.
You closely miss Sigmund.
Sigmund is almost dead.
Sigmund hits you with a +0 scythe.
You closely miss Sigmund.
Sigmund is almost dead.
Sigmund points at you and mumbles some strange words.
You are confused.
Sigmund hits you with a +0 scythe.
* * * LOW HITPOINT WARNING * * *
You bump into the rock wall.
Sigmund casts a spell at you.
The puff of flame hits you but does no damage.
You're too confused to move!
Sigmund hits you with a +0 scythe!
You die...

..#
#...........#####.....+..##.
..+
#...........#...#.....#..###
..#
#...........#.8.'..8..##.#
..#
#...........#...#.....#..###
..#
#...........#####.....'.....
..# +...........#
###'########
..####...........# #...#
................@# #.8.# .#
##..........)@# #...#
.#####..........## #####
##....###'####### ##.##.#
#.# ##.##.# #.# ...##.# #.#
#####.# #.# #.# #.# #.###.#


You could see Sigmund (fast).

Vanquished Creatures
  4 endoplasms
  A giant cockroach (D:1)
  6 hobgoblins (D:1)
  4 jackals (D:1)
  A quokka (D:1)
  3 ball pythons (D:1)
  4 bats (D:1)
  A frilled lizard (D:1)
  3 goblins (D:1)
  3 kobolds (D:1)
  3 rats (D:1)
33 creatures vanquished.

Notes
Turn   | Place    | Note
-------+----------+-------------------------------------------
     0 | D:1      | jlumianski the Demonspawn Fighter began the quest for the
                  | Orb.
     0 | D:1      | Reached XP level 1. HP: 18/18 MP: 1/1
   270 | D:1      | Gained mutation: You are partially covered in thin metallic
                  | scales. (AC +2) [demonic ancestry]
   270 | D:1      | Reached XP level 2. HP: 21/24 MP: 2/2
   775 | D:1      | Reached XP level 3. HP: 29/29 MP: 3/3
   941 | D:2      | Noticed Sigmund
   955 | D:1      | Slain by Sigmund

Illustrated notes

Levels and vault maps discovered:
D:1:      minmay_arrival_stair_chambers, layout_basic, minmay_misc_feat_pillars
D:2:      layout_loops_ring, chequers_serial_rivers_micro_c, uniq_sigmund

Skill      XL: |  1  2 |
---------------+-------+-----
Axes           | 2 |  2.3
Shields        | 3 |  3.0
Fighting       | |  3.3
Armour         | |  2.9
Dodging        | |  0.5

Action                   || total
-------------------------++-------
Melee: War axe           ||    97
  Use: Potion            ||     1
Armor: Scale mail        ||    63
Dodge: Dodged            ||    40
Block: Buckler           ||    24

Table legend: (Time is in decaauts)
 A = Elapsed time spent in this place.
 B = Non-inter-level travel time spent in this place.
 C = Inter-level travel time spent in this place.
 D = Time resting spent in this place.
 E = Time spent auto-exploring this place.
 F = Levels seen in this place.
 G = Mean time per level.
                   A        B        C        D        E       F      G
               +--------+--------+--------+--------+--------+-----+--------+
         Total |    999 |    999 |      0 |      0 |    365 |   2 |  499.5 |
       Dungeon |    999 |    999 |      0 |      0 |    365 |   2 |  499.5 |
               +--------+--------+--------+--------+--------+-----+--------+

Top non-repeatable levels by time:
     D:1: 879 daAuts
     D:2: 119 daAuts
